 Seeded DCSS version 0.30-a0-358-g0d69a1922f (webtiles) character file.

Game seed: 8607917131626996879 (custom seed)

280 purpskrrrp the Ogre Mage (level 6, -7/62 HPs)
             Began as an Ogre Warper on Nov 9, 2022.
             Was a Believer of Ru.
             Mangled by an iguana (14 damage)
             ... on level 4 of the Dungeon.
             The game lasted 00:07:42 (4656 turns).

purpskrrrp the Ogre Mage (Ogre Warper)              Turns: 4656, Time: 00:07:43

Health: -7/62      AC:  1    Str: 16    XL:     6   Next: 27%
Magic:  10/12      EV: 10    Int: 16    God:    Ru [**....]
Gold:   243        SH:  0    Dex:  8    Spells: 11/13 levels left

rFire   . . .      SeeInvis .    e - +1 whip (elec)
rCold   . . .      Faith    .    (shield unavailable)
rNeg    . . .      Spirit   .    (body armour restricted)
rPois   .          Reflect  .    (helmet restricted)
rElec   .          Harm     .    m - scarf {shadows}
rCorr   .          Rampage  .    (gloves unavailable)
Will    .....                    (boots unavailable)
Stlth   +.........               (no amulet)
HPRegen 0.30/turn                (ring unavailable)
MPRegen 0.13/turn                (no ring)

@: no status effects
A: large, unfitting armour, tough skin 1, missing a hand
a: Renounce Religion


You were on level 4 of the Dungeon.
You worshipped Ru.
Ru was pleased with you.
You visited 1 branch of the dungeon, and saw 4 of its levels.

You collected 243 gold pieces.

Inventory:

Hand Weapons
 a - a +0 mace
 e - a +1 whip of electrocution (weapon)
Missiles
 d - 6 boomerangs of dispersal
 k - a throwing net
 v - a boomerang
Armour
 b - a +0 robe
 m - a scarf of shadows (worn)
 r - a +0 robe of willpower
Jewellery
 n - a +6 ring of intelligence
 s - an amulet of regeneration
Scrolls
 c - a scroll of blinking
 g - a scroll of noise
 h - 3 scrolls of identify
 i - 2 scrolls of poison {unknown}
 l - 3 scrolls of fog {unknown}
 o - 3 scrolls of enchant weapon {unknown}
 p - 2 scrolls of teleportation {unknown}
 q - 4 scrolls of magic mapping {unknown}
 t - a scroll of vulnerability {unknown}
 u - a scroll of fear {unknown}
Potions
 f - 4 potions of curing
 j - a potion of brilliance {unknown}
 w - a potion of ambrosia {unknown}


   Skills:
 + Level 4.1 Fighting
 * Level 3.2 Maces & Flails
 - Level 1.0 Throwing
 + Level 2.8 Dodging
 * Level 4.4 Spellcasting
 + Level 3.3 Translocations


You had 11 spell levels left.
You knew the following spells:

 Your Spells              Type           Power      Damage    Failure   Level
a - Blink                 Tloc           28%        N/A       6%          2

Your spell library contained the following spells:

 Spells                   Type           Power      Damage    Failure   Level
 Lesser Beckoning         Tloc           28%        N/A       12%         3
 Teleport Other           Tloc           14%        N/A       12%         3
 Slow                     Hex            12%        N/A       16%         1
 Summon Small Mammal      Summ           12%        N/A       16%         1
 Vhi's Electric Charge    Tloc/Air       16%        N/A       24%         3
 Manifold Assault         Tloc           14%        N/A       36%         4
 Call Canine Familiar     Summ           3%         N/A       43%         3
 Confusing Touch          Hex            3%         N/A       43%         3
 Summon Guardian Golem    Hex/Summ       3%         N/A       43%         3
 Vampiric Draining        Necr           3%         2d6       43%         3


Dungeon Overview and Level Annotations

Branches:
Dungeon (4/15)
 Temple: D:4-7

Altars:
Ru


Innate Abilities, Weirdness & Mutations

You are too large for most types of armour.
You have tough skin. (AC +1)
You are missing a hand.


Message History

You hit the iguana but do no damage. The iguana closely misses you.
The goblin unwields a +0 sling.
The goblin wields a +0 dagger.
The goblin hits you with a +0 dagger.
You hit the iguana but do no damage. The iguana barely misses you.
The goblin hits you with a +0 dagger.
You are too injured to fight recklessly!
You are too injured to fight recklessly!
You are too injured to fight recklessly!
You are too injured to fight recklessly!
You are too injured to fight recklessly!
You are too injured to fight recklessly!
You are too injured to fight recklessly!
You are too injured to fight recklessly!
You are too injured to fight recklessly!
You are too injured to fight recklessly!
You are too injured to fight recklessly!
You are too injured to fight recklessly!
You are too injured to fight recklessly!
You are too injured to fight recklessly!
You are too injured to fight recklessly!
You are too injured to fight recklessly!
You are too injured to fight recklessly!
You are too injured to fight recklessly!
The iguana attacks as you move away! The iguana bites you. The adder bites you.
The iguana attacks as you move away! The iguana bites you!
* * * LOW HITPOINT WARNING * * *
The goblin stops glowing.
The iguana attacks as you move away! The iguana bites you!
* * * LOW HITPOINT WARNING * * *
The goblin is stunned by your conviction and fails to attack.
Casting: Blink (safe; 6% risk of failure)
Confirm with . or Enter, or press ? or * to list all spells.
You blink.
Found 18 gold pieces.
The adder misses you.
There is a stone staircase leading down here.
You can't go up here!
You feel stable enough to blink again.
The adder is stunned by your conviction and fails to attack.
The iguana bites you!
You die...

############
...........# #...
.........$# #...
..........# #..#
##......## #..#
##........#
##..#####.S.......#
##.....S.#gl@.....##
#....S...S.......##
.......###..........##
........
######......#####
........# ####.......#
........# #...####
.......## ##..#
.......# #..# ####.##


You could see an iguana, an adder, a goblin and a ball python.

Vanquished Creatures
  An orc priest (D:3)
  Natasha (twice) (D:3)
  An iguana (D:4)
  2 orc wizards (D:3)
  3 gnolls (D:3)
  2 adders
  A worm (D:3)
  2 dart slugs
  9 orcs
  7 ball pythons
  3 bats
  5 endoplasms
  2 giant cockroaches (D:1)
  2 goblins (D:4)
  8 hobgoblins
  3 quokkas
  5 frilled lizards
  7 kobolds
  9 rats
74 creatures vanquished.

Vanquished Creatures (others)
  An orc (D:4)
  4 plants (D:3)
5 creatures vanquished.

Grand Total: 79 creatures vanquished

Notes
Turn   | Place    | Note
-------+----------+-------------------------------------------
     0 | D:1      | purpskrrrp the Ogre Warper began the quest for the Orb.
     0 | D:1      | Reached XP level 1. HP: 22/22 MP: 3/3
   152 | D:1      | Reached XP level 2. HP: 26/29 MP: 5/5
   331 | D:1      | Learned a level 2 spell: Blink
   986 | D:2      | Reached XP level 3. HP: 26/37 MP: 4/7
  1126 | D:2      | Found a faded altar of an unknown god.
  1161 | D:2      | Prayed at the altar of an unknown god.
  1161 | D:2      | Became a worshipper of Ru the Awakened
  1181 | D:2      | Gained mutation: You are missing a hand. [Ru sacrifice]
  1181 | D:2      | Reached * piety under Ru
  1181 | D:2      | Reached ** piety under Ru
  1608 | D:3      | Reached XP level 4. HP: 40/45 MP: 7/9
  2169 | D:3      | Noticed Natasha
  2173 | D:3      | Killed Natasha
  2174 | D:3      | Reached XP level 5. HP: 40/53 MP: 10/10
  2554 | D:3      | Noticed Natasha
  2562 | D:3      | Killed Natasha
  3398 | D:3      | Reached XP level 6. HP: 29/62 MP: 12/12
  4656 | D:4      | Mangled by an iguana

Illustrated notes

Levels and vault maps discovered:
D:1:      amcnicky_arrival_underground_garden, layout_basic
D:2:      layout_loops_ring, chequers_ecumenical_altar_island
D:3:      layout_basic, serial_bayou_crossing, uniq_natasha
D:4:      layout_cave_pods, hangedman_abyss_or_decor_passed

Skill      XL: |  1  2  3  4  5 |
---------------+----------------+-----
Maces & Flails | 2 3 |  3.2
Fighting       | 3 4 |  4.1
Spellcasting   | 3 4 |  4.4
Translocations | 3 |  3.3
Throwing       | |  1.0
Dodging        | |  2.8

Action                   |  1- 3 |  4- 6 || total
-------------------------+-------+-------++-------
Melee: Whip              |    95 |   141 ||   236
       Mace              |     3 |       ||     3
       Punch             |     1 |       ||     1
Throw: Boomerang         |     1 |       ||     1
 Cast: Blink             |     1 |     5 ||     6
Invok: Sacrifice a Hand  |     1 |       ||     1
  Use: Scroll            |     2 |       ||     2
       Potion            |     1 |       ||     1
 Stab: Confused          |     1 |       ||     1
       Invisible         |     1 |       ||     1
Armor: Robe              |    18 |       ||    18
       Skin              |       |    16 ||    16
Dodge: Dodged            |    39 |    81 ||   120

Table legend: (Time is in decaauts)
 A = Elapsed time spent in this place.
 B = Non-inter-level travel time spent in this place.
 C = Inter-level travel time spent in this place.
 D = Time resting spent in this place.
 E = Time spent auto-exploring this place.
 F = Levels seen in this place.
 G = Mean time per level.
                   A        B        C        D        E       F      G
               +--------+--------+--------+--------+--------+-----+--------+
         Total |   4671 |   4430 |    241 |    992 |   2782 |   4 | 1167.8 |
       Dungeon |   4671 |   4430 |    241 |    992 |   2782 |   4 | 1167.8 |
               +--------+--------+--------+--------+--------+-----+--------+

Top non-repeatable levels by time:
     D:3: 1736 daAuts
     D:2: 1485 daAuts
     D:1: 926 daAuts
     D:4: 523 daAuts
